cohdb
Replays
Latest Replays
All Replays
Popular Replays
Top Player Replays
Match Explorer
How It Works
Community
CoH3 Stats
Reddit
Sign in to upload your games and track your stats! →
Sign in with Steam
Match 40322547
Unlisted
Match 40322547
Overview
Messages
Build Orders
End
Kradschützen Motorcycle Team
Panzergrenadier Squad
Panzergrenadier Squad
Panzergrenadier Squad
Construct Light Support Kompanie
2.5-tonne Medical Truck
Fire Support Elements
Panzerjäger Mechanized Group
le.IG 18 Support Gun Team
Pak 38 Anti-tank Gun Team
Construct Panzerarmee Kommand
Panzerjäger Mechanized Group
Selects Panzerjäger Kommand Battlegroup
Selects Tank Busters
Yeknod
Nashorn101
marcmorn
Kpen
0
0
Comments
sign in to comment!
No comments posted yet!